 Dungeon Crawl Stone Soup version 0.31-a0-66-ge618eeaa78 (webtiles) character file.

Game seed: 13035753306226710623

3796 lunkers the Geomancer (level 10, -2/81 HPs)
             Began as a Meteoran Wanderer on May 22, 2023.
             Was a Follower of Vehumet.
             Slain by a kobold brigand
             ... wielding a +0 war axe
              (5 damage)
             ... in a bailey.
             The game lasted 00:17:23 (4075 turns).

lunkers the Geomancer (Meteoran Wanderer)           Turns: 4075, Time: 00:17:24

Health: -2/81      AC: 13    Str: 15    XL:     10   Next: 66%
Magic:  3/29       EV: 13    Int: 17    God:    Vehumet [*.....]
Gold:   378        SH:  0    Dex: 14    Spells: 17/21 levels left

rFire   . . .        a - +2 dagger (elec)
rCold   . . .        f - orb {light}
rNeg    + . .        x - +2 ring mail {rN+}
rPois   .            (no helmet)
rElec   .            w - +0 cloak
rCorr   .            t - +0 pair of gloves
SInv    .            (no boots)
Will    +....        p - amulet of the acrobat
Stlth   +            i - +4 ring of protection
HPRegen 0.33/turn    m - ring of magical power
MPRegen 0.21/turn

%: acrobat
@: lethally poisoned (-2 -> -23), very slightly contaminated, slowed, glowing,
very slow
A: sense surroundings 2, otherworldly, glowing, explore regen
a: Renounce Religion


You were in a bailey.
You worshipped Vehumet.
Vehumet was aware of your devotion.
You visited 2 branches of the dungeon, and saw 9 of its levels.
You also visited: Ossuary and Bailey.

You collected 378 gold pieces.

Inventory:

Hand Weapons
 a - a +2 dagger of electrocution (weapon)
 g - a +2 mace
 s - a +2 short sword of holy wrath
 z - a +3 flail of freezing
 H - a +5 long sword of venom
Missiles
 b - 22 poisoned darts
 c - 2 throwing nets
 n - 5 curare-tipped darts
Armour
 f - an orb of light (worn)
 t - a +0 pair of gloves (worn)
 w - a +0 cloak (worn)
 x - a +2 ring mail of positive energy (worn)
Magical Staves
 u - a staff of fire
Jewellery
 e - a ring of positive energy
 i - a +4 ring of protection (left hand)
 m - a ring of magical power (right hand)
 p - an amulet of the acrobat (around neck)
 q - a ring of poison resistance
 v - a ring of positive energy
Wands
 r - a wand of iceblast (10)
 y - a wand of flame (19)
 E - a wand of charming (8)
Scrolls
 j - 3 scrolls of blinking
 k - a scroll of enchant weapon
Potions
 d - a potion of lignification
 h - 2 potions of haste {unknown}
 l - 9 potions of curing
 o - a potion of cancellation {unknown}
 A - 2 potions of heal wounds
 B - a potion of berserk rage {unknown}
 C - a potion of degeneration {unknown}
 F - a potion of invisibility {unknown}
 G - 2 potions of enlightenment


   Skills:
 - Level 5.5 Fighting
 - Level 2.6 Maces & Flails
 - Level 3.6 Throwing
 - Level 2.4 Armour
 - Level 6.0 Dodging
 + Level 6.4 Spellcasting
 * Level 9.0 Conjurations
 - Level 10.0 Earth Magic


You had 17 spell levels left.
You knew the following spells:

 Your Spells              Type           Power      Damage    Failure   Level
a - Sandblast             Erth           78%        2d17      1%          1
b - Stone Arrow           Conj/Erth      70%        3d11      1%          3

Your spell library contained the following spells:

 Spells                   Type           Power      Damage    Failure   Level
 Kiss of Death            Conj/Necr      72%        2d10      5%          1
 Lesser Beckoning         Tloc           10%        N/A       34%         2
 Gell's Gravitas          Tloc           5%         N/A       56%         3
 Teleport Other           Tloc           5%         N/A       56%         3


Dungeon Overview and Level Annotations

Branches:
Dungeon (8/15) Zot: 1258   Temple (1/1) D:7 Zot: 377 Ossuary (visited)
 Bailey (1/1) Zot: 561
   Lair: D:8-11

Altars:
Ashenzari
Cheibriados
Dithmenos
Elyvilon
Fedhas
Gozag
Hepliaklqana
Kikubaaqudgha
Makhleb
Nemelex Xobeh
Okawaru
Qazlal
Ru
Sif Muna
Trog
Uskayaw
Vehumet
Wu Jian
Xom
Yredelemnul
Zin
The Shining One

Shops:
D:3 *   D:6 :


Innate Abilities, Weirdness & Mutations

You passively map the area around you.
You are easily found by Zot.
You glow in the dark.
You regain HP and MP as you explore.


Message History

You miscast Stone Arrow.
You are very lightly contaminated with residual magic.
Nothing appears to happen.
* * * LOW MAGIC WARNING * * *
The kobold brigand throws a curare-tipped dart.
The curare-tipped dart hits you.
You are poisoned.
You have difficulty breathing.
* * * LOW HITPOINT WARNING * * *
You feel as though you will be slow longer.
The kobold hits you but does no damage.
The kobold brigand throws a curare-tipped dart.
The curare-tipped dart barely misses you.
Unknown command.
Casting: Stone Arrow (safe; 1% risk of failure)
Confirm with . or Enter, or press ? or * to list all spells.
Aiming: Stone Arrow (safe; 1% risk of failure)
Press: ? - help, Shift-Dir - straight line, f - kobold brigand, p - kobold
Aim: a kobold brigand, wielding a +0 war axe and quivering curare-tipped darts (haloed, 77% to hit)
You miscast Stone Arrow.
Nothing appears to happen.
* * * LOW MAGIC WARNING * * *
You feel very sick.
The kobold hits you but does no damage. x2
Unknown command.
Aiming: Sandblast (safe; 1% risk of failure)
Press: ? - help, Q - select action, (/) - cycle Shift-Dir - straight line, f/p - kobold brigand
Aim: a kobold brigand, wielding a +0 war axe and quivering curare-tipped darts (haloed, 84% to hit)
The blast of sand hits the kobold brigand!
The kobold brigand is heavily wounded.
* * * LOW MAGIC WARNING * * *
You feel very sick.
The kobold brigand throws a curare-tipped dart.
The curare-tipped dart hits you.
You are lethally poisoned!
You have difficulty breathing.
* * * LOW HITPOINT WARNING * * *
You feel as though you will be slow longer.
The kobold barely misses you. The kobold hits you but does no damage.
The kobold brigand hits you with a +0 war axe.
You die...

#######
##.....##
#...∩...#
#.......#
##..∩..##
##'''## #.(.#
#@(.# #KK.#
#)..# * ......~
.....(.~~# * *
, ((......~~.,,
* ~~.......~~#
* ,
.~~.......~~. *
*##~~.......~~#
,


You could see a kobold brigand and a kobold.

Vanquished Creatures
  A cyclops (D:8)
  A troll (D:7)
  A yak (D:6)
  3 wraiths
  A steam dragon (D:5)
  A water moccasin (D:7)
  Duvessa (D:4)
  3 black bears
  An ice beast (D:7)
  2 ogres
  4 kobold brigands
  2 gnoll sergeants
  2 scorpions
  4 wights (Ossuary)
  Dowan (D:4)
  A howler monkey (D:7)
  5 jellies
  4 hounds
  3 orc priests
  2 sleepcaps
  3 iguanas
  3 orc wizards
  A hound zombie (D:5)
  A mummy (D:4)
  Robin (D:3)
  13 gnolls
  7 adders
  2 shadow imps
  A white imp (D:7)
  2 ufetubi (D:4)
  2 adder zombies
  A worm (D:2)
  4 dart slugs
  20 orcs
  7 endoplasms
  2 giant cockroaches
  16 goblins
  6 hobgoblins
  3 jackals (D:3)
  2 quokkas
  7 ball pythons
  A bat (D:1)
  2 hobgoblin skeletons (Ossuary)
  21 kobolds
  3 kobold zombies (Ossuary)
  2 orc zombies (Ossuary)
  3 rats
179 creatures vanquished.

Vanquished Creatures (others)
  A gnoll (D:7)
1 creature vanquished.

Grand Total: 180 creatures vanquished

Notes
Turn   | Place    | Note
-------+----------+-------------------------------------------
     0 | D:1      | lunkers the Meteoran Wanderer began the quest for the Orb.
     0 | D:1      | lunkers set off with the following items: a +2 mace, 13
                  | poisoned darts, a +0 dagger, a potion of lignification, a
                  | +0 leather armour; and the following spell memorised:
                  | Sandblast; and the following spells available to memorise:
                  | Stone Arrow.
     0 | D:1      | Reached XP level 1. HP: 14/14 MP: 3/3
    60 | D:1      | Reached skill level 3 in Earth Magic
    60 | D:1      | Reached XP level 2. HP: 20/20 MP: 3/5
   482 | D:1      | Reached XP level 3. HP: 23/26 MP: 4/6
   489 | D:1      | Glimpsed the power of Zot.
   617 | D:2      | Reached skill level 4 in Earth Magic
   740 | D:2      | Learned a level 3 spell: Stone Arrow
  1109 | D:3      | Found Zakybakixt's General Store.
  1157 | D:3      | Reached XP level 4. HP: 29/33 MP: 7/7
  1283 | D:3      | Reached skill level 1 in Conjurations
  1330 | D:3      | Noticed a scorpion
  1335 | D:3      | Killed a scorpion
  1336 | D:3      | Reached skill level 5 in Earth Magic
  1336 | D:3      | Reached XP level 5. HP: 12/38 MP: 9/9
  1349 | D:3      | Noticed Robin
  1366 | D:3      | Killed Robin
  1620 | D:4      | Noticed an ogre
  1624 | D:4      | Killed an ogre
  1625 | D:4      | Reached XP level 6. HP: 21/45 MP: 11/11
  1695 | D:4      | Noticed Duvessa
  1695 | D:4      | Noticed Dowan
  1734 | D:4      | Killed Duvessa
  1735 | D:4      | Reached skill level 6 in Earth Magic
  1735 | D:4      | Reached XP level 7. HP: 26/50 MP: 10/12
  1737 | D:4      | Killed Dowan
  1877 | D:4      | Found a sand-covered staircase.
  1891 | Ossuary  | Entered an ossuary
  2097 | Ossuary  | Reached skill level 5 in Conjurations
  2118 | Ossuary  | Noticed a wraith
  2118 | Ossuary  | Noticed a flying skull
  2152 | Ossuary  | Noticed a flying skull
  2163 | Ossuary  | Reached skill level 7 in Earth Magic
  2163 | Ossuary  | Reached XP level 8. HP: 36/52 MP: 14/14
  2191 | Ossuary  | Noticed a wraith
  2194 | Ossuary  | Killed a wraith
  2200 | Ossuary  | Noticed a flying skull
  2205 | Ossuary  | Noticed a wraith
  2212 | Ossuary  | Killed a wraith
  2428 | D:4      | Reached skill level 8 in Earth Magic
  2463 | D:5      | Entered Level 5 of the Dungeon
  2468 | D:5      | Noticed a steam dragon
  2479 | D:5      | Killed a steam dragon
  2480 | D:5      | Reached skill level 5 in Spellcasting
  2480 | D:5      | Gained mutation: You passively map the area around you.
                  | [Meteoran growth]
  2480 | D:5      | Reached XP level 9. HP: 53/62 MP: 15/17
  2613 | D:5      | Found a white marble altar of Elyvilon.
  2720 | D:5      | Reached skill level 1 in Dodging
  2724 | D:5      | Reached skill level 1 in Fighting
  2725 | D:5      | Found a basalt altar of Yredelemnul.
  3045 | D:6      | Reached skill level 5 in Dodging
  3071 | D:6      | Found Ysuliax's Book Shoppe.
  3208 | D:7      | Reached skill level 5 in Fighting
  3276 | D:7      | Reached XP level 10. HP: 71/81 MP: 17/18
  3285 | D:7      | Found a staircase to the Ecumenical Temple.
  3289 | Temple   | Entered the Ecumenical Temple
  3492 | Temple   | Became a worshipper of Vehumet
  3743 | D:7      | Reached skill level 9 in Earth Magic
  3942 | D:8      | Reached * piety under Vehumet
  3942 | D:8      | Offered knowledge of Kiss of Death by Vehumet.
  3958 | D:8      | Noticed a cyclops
  3964 | D:8      | Killed a cyclops
  3974 | D:8      | Reached skill level 10 in Earth Magic
  4035 | D:8      | Found a flagged portal.
  4050 | Bailey   | Entered a bailey
  4075 | Bailey   | HP: 3/81 [asphyx]
  4075 | Bailey   | Slain by a kobold brigand

Illustrated notes

Levels and vault maps discovered:
D:1:      eino_arrival_water_cross, layout_basic, hex_tiny
D:2:      layout_basic, minmay_hexomino_f4
D:3:      layout_basic, serial_shops, shop, minivault_4, uniq_robin
D:4:      layout_rooms, gup_ossuary_entry_pyramid, uniq_duvessa
D:5:      layout_rooms, nicolae_yredelemnul_corpse_copse,
          nicolae_elyvilon_temple_path
D:6:      layout_basic, kennysheep_windowed_goal
D:7:      layout_gridville, minmay_temple_entry_grid, nrook_mini_backslash,
          due_unseen_surprise
D:8:      layout_cave_pools, enter_bailey_5
Temple:   nicolae_temple_slightly_damp_pantheon
Bailey:   bailey_axe_3, bailey

Skill      XL: |  1  2  3  4  5  6  7  8  9 10 |
---------------+-------------------------------+-----
Earth Magic    | 3 4 5 6 7 8 10 | 10.0
Conjurations   | 2 3 4 5 6 7 9 |  9.0
Spellcasting   | 2 3 5 6 |  6.4
Dodging        | 6 |  6.0
Fighting       | 5 |  5.5
Maces & Flails | |  2.6
Throwing       | |  3.6
Armour         | |  2.4

Action                     |  1- 3 |  4- 6 |  7- 9 | 10-12 || total
---------------------------+-------+-------+-------+-------++-------
  Melee: Mace              |     1 |       |       |       ||     1
         Dagger            |       |     1 |     4 |       ||     5
   Cast: Sandblast         |    37 |    54 |   136 |    60 ||   287
         Stone Arrow       |       |     4 |    27 |    23 ||    54
  Evoke: Wand              |       |       |       |     1 ||     1
    Use: Potion            |       |       |     1 |       ||     1
         Scroll            |       |       |    13 |     2 ||    15
 Armour: Leather armour    |     3 |    15 |    21 |       ||    39
         Skin              |       |       |     1 |       ||     1
         Ring mail         |       |       |    20 |    54 ||    74
  Dodge: Dodged            |     3 |    19 |    78 |    84 ||   184

Table legend: (Time is in decaauts)
 A = Elapsed time spent in this place.
 B = Non-inter-level travel time spent in this place.
 C = Inter-level travel time spent in this place.
 D = Time resting spent in this place.
 E = Time spent auto-exploring this place.
 F = Levels seen in this place.
 G = Mean time per level.
                   A        B        C        D        E       F      G
               +--------+--------+--------+--------+--------+-----+--------+
         Total |   4245 |   4028 |    217 |    118 |   2533 |  11 |  385.9 |
       Dungeon |   3541 |   3372 |    169 |      0 |   2313 |   8 |  442.6 |
        Temple |    222 |    174 |     48 |      0 |    144 |   1 |  222.0 |
       Ossuary |    443 |    443 |      0 |    118 |     72 |   1 |  443.0 |
        Bailey |     36 |     36 |      0 |      0 |      4 |   1 |   36.0 |
               +--------+--------+--------+--------+--------+-----+--------+

Top non-repeatable levels by time:
     D:3: 706 daAuts
     D:1: 518 daAuts
     D:7: 504 daAuts
     D:4: 456 daAuts
     D:6: 448 daAuts
 Ossuary: 443 daAuts
     D:2: 432 daAuts
     D:5: 273 daAuts
  Temple: 222 daAuts
     D:8: 201 daAuts
  Bailey: 36 daAuts
